 Dungeon Crawl Stone Soup version 0.29.1-12-g30fa7ad0bf (webtiles) character file.

Game seed: 15108250691004246751

4494 retardedninja the Cleaver (level 10, -2/92 HPs)
             Began as a Hill Orc Fighter on Jan 4, 2023.
             Was an Initiate of Gozag.
             Slain by a black bear (4 damage)
             ... on level 9 of the Dungeon.
             The game lasted 00:11:13 (9440 turns).

retardedninja the Cleaver (Hill Orc Fighter)        Turns: 9440, Time: 00:11:14

Health: -2/92      AC: 20    Str: 24    XL:     10   Next: 38%
Magic:  10/10      EV:  7    Int:  8    God:    Gozag
Gold:   1270       SH:  6    Dex: 16    Spells: 9/9 levels left

rFire   + . .      SeeInvis .   a - +2 war axe
rCold   . . .      Faith    .   c - +0 buckler
rNeg    . . .      Spirit   .   i - +1 plate armour
rPois   .          Reflect  .   p - +0 helmet
rElec   .          Harm     .   l - +0 cloak
rCorr   .          Rampage  .   A - +0 pair of gloves
Will    .....                   B - +0 pair of boots
Stlth   ..........              w - amulet of the acrobat
HPRegen 0.25/turn               j - ring of protection from fire
MPRegen 0.12/turn               b - +6 ring of dexterity

@: slowed, very slow
A: no striking features
a: Renounce Religion, Potion Petition, Call Merchant, Bribe Branch


You were on level 9 of the Dungeon.
You worshipped Gozag.
Gozag was most pleased with you.
You visited 2 branches of the dungeon, and saw 10 of its levels.
You also visited: Ossuary.

You collected 1312 gold pieces.
You paid 42 gold pieces to Gozag.

Inventory:

Hand Weapons
 a - a +2 war axe (weapon)
Missiles
 m - a throwing net (quivered)
Armour
 c - a +0 buckler (worn)
 i - a +1 plate armour (worn)
 l - a +0 cloak (worn)
 p - a +0 helmet (worn)
 A - a +0 pair of gloves (worn)
 B - a +0 pair of boots (worn)
Jewellery
 b - a +6 ring of dexterity (right hand)
 j - a ring of protection from fire (left hand)
 u - a ring of poison resistance
 w - an amulet of the acrobat (around neck)
 E - a ring of magical power
Wands
 s - a wand of flame (18)
 y - a wand of roots (5)
 D - a wand of acid (3)
Scrolls
 d - a scroll of noise
 h - 3 scrolls of torment
 k - a scroll of vulnerability
 o - a scroll of amnesia
 t - 4 scrolls of teleportation
 C - a scroll of butterflies
Potions
 e - a potion of curing
 f - a potion of attraction
 g - 4 potions of heal wounds
 n - a potion of cancellation
 q - 2 potions of degeneration
 r - 4 potions of flight
 v - a potion of brilliance
 x - 2 potions of mutation
 z - 2 potions of haste
 F - 2 potions of lignification


   Skills:
 + Level 9.6 Fighting
 + Level 10.1 Axes
 + Level 8.8 Armour
 + Level 8.8 Shields


You had 9 spell levels left.
You didn't know any spells.
Your spell library contained the following spells:

 Spells                   Type           Power      Damage    Failure   Level
 Summon Small Mammal      Summ           0%         N/A       100%        1
 Call Canine Familiar     Summ           0%         N/A       100%        3
 Summon Guardian Golem    Hex/Summ       0%         N/A       100%        3
 Summon Lightning Spire   Summ/Air       0%         N/A       100%        4
 Storm Form               Tmut/Air       0%         N/A       100%        7
 Maxwell's Capacitive Co  Air            0%         ∞         100%        8


Dungeon Overview and Level Annotations

Branches:
Dungeon (9/15)             Temple (1/1) D:4         Ossuary (visited)
   Lair: D:8-11         Orc: D:9-12

Altars:
Ashenzari
Cheibriados
Elyvilon
Fedhas
Gozag
Hepliaklqana
Kikubaaqudgha
Makhleb
Nemelex Xobeh
Okawaru
Qazlal
Ru
Sif Muna
Trog
Uskayaw
Vehumet
Wu Jian
Xom
Yredelemnul
Zin
The Shining One


Message History

The black bear barely misses you.
The hornet stings you but does no damage.
The black bear bites you.
The black bear claws you but does no damage. x2
The hornet stings you!
* * * LOW HITPOINT WARNING * * *
You are poisoned.
You feel as though you will be slow longer.
The black bear bites you.
* * * LOW HITPOINT WARNING * * *
The black bear claws you but does no damage.
You block the black bear's attack.
You feel better. The hornet stings you!
* * * LOW HITPOINT WARNING * * *
You feel as though you will be slow longer.
The black bear bites you.
* * * LOW HITPOINT WARNING * * *
The black bear barely misses you.
The black bear claws you but does no damage.
You block the hornet's attack. The black bear bites you.
* * * LOW HITPOINT WARNING * * *
The black bear closely misses you.
The black bear claws you but does no damage.
The hornet attacks as you move away! The hornet stings you.
* * * LOW HITPOINT WARNING * * *
You are lethally poisoned!
You feel as though you will be slow longer.
* * * LOW HITPOINT WARNING * * *
You feel very sick.
The black bear rages.
The hornet barely misses you. The black bear completely misses you.
The black bear claws you but does no damage.
The black bear misses you. You block the hornet's attack.
You feel better. The black bear bites you.
* * * LOW HITPOINT WARNING * * *
The black bear claws you but does no damage. x2
The hornet barely misses you. You block the black bear's attack.
The black bear claws you.
You die...
Your body crumbles into a pile of gold.

#.# #.###
####>..#
#......#
#......#
#......#
#......#
#[.....#
#####.@#
#hy# #!.#
#$........
#.........
#.........
..........
....PPP.P.P
...P.P.P.PF


You could see a hornet and a black bear (berserk).

Vanquished Creatures
  Pikel (D:7)
  Joseph (D:7)
  Psyche (D:8)
  A hornet (D:8)
  2 steam dragons (D:7)
  3 orc warriors
  A black bear (D:5)
  An ice beast (D:6)
  3 ogres
  2 centaurs
  2 phantoms (D:7)
  A kobold brigand (D:6)
  5 bullfrogs
  3 necrophages
  A scorpion (D:6)
  5 wights
  4 howler monkeys (D:7)
  A bullfrog zombie (Ossuary)
  3 centaur zombies (Ossuary)
  3 jellies
  Crazy Yiuf (D:7)
  3 orc priests
  Jessica (D:2)
  2 iguanas (D:5)
  Natasha (twice) (D:2)
  11 orc wizards
  Robin (D:2)
  4 adders
  A white imp (D:5)
  5 adder zombies (Ossuary)
  A worm (D:2)
  A dart slug (D:5)
  43 orcs
  7 endoplasms
  A giant cockroach (D:4)
  2 gnoll zombies (Ossuary)
  13 goblins
  12 hobgoblins
  12 kobolds
  4 quokkas
  8 ball pythons
  5 bats
  4 frilled lizards
  A goblin zombie (Ossuary)
  3 hobgoblin zombies (Ossuary)
  4 orc zombies (Ossuary)
  6 rats
202 creatures vanquished.

Vanquished Creatures (others)
  3 fungi (D:9)
  7 plants (D:9)
10 creatures vanquished.

Grand Total: 212 creatures vanquished

Notes
Turn   | Place    | Note
-------+----------+-------------------------------------------
     0 | D:1      | retardedninja the Hill Orc Fighter began the quest for the
                  | Orb.
     0 | D:1      | Reached XP level 1. HP: 19/19 MP: 1/1
     5 | D:1      | Noticed a demonspawn zombie
     7 | D:1      | Noticed a merfolk zombie
    17 | D:1      | Noticed a merfolk zombie
   191 | D:1      | Reached XP level 2. HP: 27/27 MP: 2/2
   211 | D:1      | Reached skill level 3 in Axes
   657 | D:1      | Reached XP level 3. HP: 33/33 MP: 3/3
   839 | D:2      | Noticed Robin
   867 | D:2      | Killed Robin
   868 | D:2      | Reached XP level 4. HP: 5/40 MP: 4/4
  1325 | D:2      | Noticed Jessica
  1328 | D:2      | Killed Jessica
  1552 | D:2      | Reached skill level 4 in Axes
  1756 | D:2      | Found a faded altar of an unknown god.
  1799 | D:2      | Noticed Natasha
  1805 | D:2      | Killed Natasha
  1806 | D:2      | Reached XP level 5. HP: 36/47 MP: 5/5
  1935 | D:2      | Noticed Natasha
  1944 | D:2      | Killed Natasha
  2734 | D:4      | Found a staircase to the Ecumenical Temple.
  2766 | Temple   | Entered the Ecumenical Temple
  2791 | Temple   | Became a worshipper of Gozag Ym Sagoz the Greedy
  3090 | D:4      | Reached skill level 5 in Fighting
  3090 | D:4      | Reached XP level 6. HP: 37/56 MP: 6/6
  3433 | D:4      | Reached skill level 5 in Axes
  3438 | D:4      | Reached skill level 5 in Armour
  3438 | D:4      | Reached skill level 5 in Shields
  3438 | D:4      | Reached XP level 7. HP: 43/61 MP: 7/7
  3739 | D:5      | Entered Level 5 of the Dungeon
  3833 | D:5      | Reached skill level 6 in Axes
  4139 | D:5      | Found an iron altar of Okawaru.
  4139 | D:5      | Found an ancient bone altar of Kikubaaqudgha.
  4140 | D:5      | Found a snail-covered altar of Cheibriados.
  4140 | D:5      | Found a blossoming altar of Fedhas.
  4140 | D:5      | Found a hazy altar of Hepliaklqana.
  4140 | D:5      | Found a white marble altar of Elyvilon.
  4148 | D:5      | Found a shimmering blue altar of Sif Muna.
  4530 | D:6      | Reached XP level 8. HP: 54/71 MP: 8/8
  4721 | D:6      | Reached skill level 7 in Axes
  5865 | D:7      | Noticed Joseph
  5886 | D:7      | Killed Joseph
  5887 | D:7      | Reached skill level 8 in Axes
  5887 | D:7      | Reached XP level 9. HP: 64/81 MP: 9/9
  6433 | D:7      | Found a sand-covered staircase.
  6459 | D:7      | Noticed Pikel
  6463 | Ossuary  | Entered an ossuary
  6584 | Ossuary  | Reached skill level 9 in Axes
  6683 | Ossuary  | Noticed a silent spectre
  6739 | D:7      | Killed Pikel
  6740 | D:7      | Reached XP level 10. HP: 88/91 MP: 10/10
  7388 | D:7      | Found a runed translucent door.
  7389 | D:7      | Noticed Crazy Yiuf
  8014 | D:7      | Killed Crazy Yiuf
  8201 | D:8      | Found a sparkling altar of Nemelex Xobeh.
  8364 | D:8      | Paralysed by a hornet for 1 turns
  8461 | D:8      | Found a burning altar of Makhleb.
  8461 | D:8      | Noticed a blizzard demon
  8546 | D:8      | Noticed Psyche
  8577 | D:8      | Killed Psyche
  8578 | D:8      | Reached skill level 10 in Axes
  9427 | D:9      | Paralysed by a hornet for 1 turns
  9439 | D:9      | HP: 1/92 [poisoned by a hornet]
  9440 | D:9      | Slain by a black bear

Illustrated notes

Levels and vault maps discovered:
D:1:      shiori_arrival_whats_in_store_for_you, layout_basic, minmay_tromino_i2
D:2:      layout_loops_ring, shapermc_ecumenical_altar_totnotflames,
          uniq_natasha, uniq_jessica, uniq_robin
D:3:      layout_rooms, nicolae_figureground_pulse
D:4:      layout_cave_pools, minmay_temple_entry_wispy, dk_vineyard_2
D:5:      layout_rooms, grunt_temple_overflow_open, hangedman_decor_points,
          grunt_ministairs_3
D:6:      layout_rooms
D:7:      layout_layer_cave, nicolae_ossuary_entry_plus, uniq_joseph,
          uniq_pikel, uniq_crazy_yiuf_cottage
D:8:      layout_cave_pods, overflow_temple_1_default,
          makhleb_altar_promises_db, uniq_psyche
D:9:      hellmonk_destroyed_diamonds, layout_basic, mainiacjoe_overflow_paths,
          grunt_lair_entry_orc_guard_hut, serial_curves, eino_curves_04,
          eino_curves_03, uniq_maurice
Temple:   hellmonk_temple_flake

Skill      XL: |  1  2  3  4  5  6  7  8  9 10 |
---------------+-------------------------------+-----
Axes           | 3 4 5 6 8 9 10 | 10.1
Fighting       | 4 5 6 7 9 |  9.6
Armour         | 4 5 7 8 |  8.8
Shields        | 4 5 7 8 |  8.8

Action                   |  1- 3 |  4- 6 |  7- 9 | 10-12 || total
-------------------------+-------+-------+-------+-------++-------
Melee: War axe           |    80 |   132 |   269 |    98 ||   579
       Unarmed           |       |       |       |     1 ||     1
  Use: Potion            |     6 |       |     4 |     5 ||    15
       Scroll            |       |       |    14 |     3 ||    17
 Stab: Distracted        |       |       |     2 |       ||     2
Armor: Scale mail        |    54 |    28 |       |       ||    82
       Plate armour      |       |    88 |   215 |    69 ||   372
Dodge: Dodged            |    59 |    34 |   106 |    44 ||   243
Block: Buckler           |    19 |    36 |    76 |    41 ||   172
